 Dungeon Crawl Stone Soup version 0.25-a0-665-ga69d640 (webtiles) character file.

Game seed: 6043935875607217327, levelgen mode: deterministic

279 robertstho the Slasher (level 6, 0/55 HPs)
             Began as a Draconian Berserker on Mar 26, 2020.
             Was a Priest of Trog.
             Slain by an orc wizard
             ... wielding a +0 dagger
              (1 damage)
             ... on level 4 of the Dungeon.
             The game lasted 00:03:39 (3088 turns).

robertstho the Slasher (Draconian Berserker)        Turns: 3088, Time: 00:03:39

Health: 0/55       AC:  6    Str: 22    XL:     6   Next: 5%
Magic:  6/6        EV:  8    Int:  7    God:    Trog [***...]
Gold:   254        SH:  0    Dex: 10    Spells: 5/5 levels left

rFire    . . .     SeeInvis .   a - +0 falchion
rCold    . . .     Gourm    .   k - +0 tower shield
rNeg     . . .     Faith    .   (armour unavailable)
rPois    .         Spirit   .   (helmet restricted)
rElec    .         Reflect  .   (no cloak)
rCorr    .         Harm     .   (no gloves)
MR       .....                  (no boots)
Stlth    +.........             (no amulet)
HPRegen  0.18/turn              (no ring)
MPRegen  0.10/turn              (no ring)

@: confused, berserk cooldown, stab, flying, very slightly contaminated, slowed,
invisible, very slow
A: unfitting armour, cold-blooded, AC +6
a: Berserk, Trog's Hand, Renounce Religion


You were on level 4 of the Dungeon.
You worshipped Trog.
Trog was most pleased with you.
You were very hungry.

You visited 1 branch of the dungeon, and saw 4 of its levels.

You collected 254 gold pieces.

Inventory:

Hand Weapons
 a - a +0 falchion (weapon)
Armour
 k - a +0 tower shield (worn)
Jewellery
 e - an uncursed ring of protection from magic
Scrolls
 c - 5 scrolls of identify {unknown}
 d - a scroll of magic mapping {unknown}
 h - 3 scrolls of remove curse {unknown}
 i - a scroll of amnesia {unknown}
 n - 2 scrolls of enchant armour {unknown}
 o - 4 scrolls of immolation {unknown}
 q - a scroll of enchant weapon {unknown}
Potions
 j - a potion of might {unknown}
 l - a potion of invisibility
 m - a potion of degeneration {unknown}
 p - a potion of haste {unknown}
 r - a potion of curing {unknown}
Comestibles
 b - 10 rations


   Skills:
 * Level 4.8 Fighting
 + Level 4.8 Long Blades
 * Level 4.0 Dodging
 + Level 0.5 Stealth


You had 5 spell levels left.
You didn't know any spells.
Your spell library was empty.

Dungeon Overview and Level Annotations

Branches:
Dungeon (4/15)
 Temple: D:4-7

Altars:


Innate Abilities, Weirdness & Mutations

Your plain brown scales are hard. (AC +6)
You cannot fit into any form of body armour.
You are cold-blooded and may be slowed by cold attacks.


Message History

The orc barely misses you.
Your shield prevents you from hitting the orc wizard.
Your tail-slap misses the orc wizard.
The orc wizard is severely wounded.
The orc wizard points at you and mumbles some strange words.
The magic dart hits you.
* * * LOW HITPOINT WARNING * * *
The orc hits you with a +0 mace!
* * * LOW HITPOINT WARNING * * *
The orc wizard closely misses you.
It was a potion of stabbing.
You feel ready to backstab.
You feel less confused. You block the orc's attack.
The orc wizard gestures at you while chanting.
You are confused.
It was a potion of flight.
You feel very buoyant.
You fly up into the air.
The orc wizard hits you with a +0 dagger.
You die...

......## ##....## .
.....## #####...## ##.
#....###.##....<#
#..###.....##.......####
....... ...............##
.......##.....#.........#
...............:......###
......)##)...........##
..........@..........#
......##)oo....#....##
.............###.....#
.............##..#...#
.........#....#..#...#
##.###.###.......#...# #
#.. #............#
?...^.............#
......###.........#.#


You could see an orc wizard and an orc.

Vanquished Creatures
  A gnoll sergeant (D:3)
  An orc wizard (D:4)
  A worker ant (D:3)
  2 adders
  4 gnolls (D:3)
  3 worms (D:2)
  2 dart slugs
  4 leopard geckos
  3 orcs
  7 giant cockroaches
  10 goblins
  14 hobgoblins
  10 jackals
  A ball python (D:3)
  5 bats
  5 frilled lizards
  A jackal skeleton (D:4)
  10 kobolds
  7 rats
91 creatures vanquished.

Notes
Turn   | Place    | Note
-------+----------+-------------------------------------------
     0 | D:1      | robertstho the Draconian Berserker began the quest for the
                  | Orb.
     0 | D:1      | Reached XP level 1. HP: 19/19 MP: 1/1
    90 | D:1      | Reached XP level 2. HP: 15/26 MP: 2/2
   371 | D:1      | Reached ** piety under Trog
   399 | D:1      | Reached XP level 3. HP: 30/33 MP: 3/3
  1213 | D:2      | Reached XP level 4. HP: 34/40 MP: 4/4
  1926 | D:3      | Noticed a gnoll sergeant
  1937 | D:3      | Killed a gnoll sergeant
  1937 | D:3      | Reached *** piety under Trog
  1937 | D:3      | Reached XP level 5. HP: 25/47 MP: 5/5
  3056 | D:4      | Reached XP level 6. HP: 55/55 MP: 6/6
  3086 | D:4      | HP: 1/55 [orc/+0 mace (10)]
  3088 | D:4      | Slain by an orc wizard

Levels and vault maps discovered:
D:1:      sevenhm_arrival_forest_fort_large_2, layout_basic,
          minmay_misc_feat_ornament
D:2:      minmay_wonky_spiral, layout_rooms, first_ration,
          chequers_serial_rivers_room_a
D:3:      layout_basic, serial_co_window_serial, co_window_paths_b,
          co_window_corner_a, co_window_corner_a, co_window_paths_a,
          co_window_paths_b, co_window_unsneaky_path_a,
          co_window_of_opportunity_c, co_window_cross_2, co_window_cross_2,
          co_window_corner_b, glass_columns_a, glass_columns_b, glass_columns_a,
          glass_columns_a, glass_columns_a, corexii_corridor_pit, st_stairs_10
D:4:      layout_cave_pools, chequers_serial_rivers_micro_c,
          nicolae_ru_the_path_less_chosen, uniq_purgy, uniq_sigmund

Skill      XL: |  1  2  3  4  5 |
---------------+----------------+-----
Dodging        | 3 4 |  4.0
Fighting       | 4 |  4.8
Long Blades    | 4 |  4.8
Stealth        | |  0.5

Action                   |  1- 3 |  4- 6 || total
-------------------------+-------+-------++-------
Melee: Falchion          |   113 |   122 ||   235
       Tailslap          |    13 |    19 ||    32
Invok: Berserk           |     1 |     3 ||     4
  Use: Potion            |       |     3 ||     3
  Eat: Chunk             |     2 |     8 ||    10
Armor: Skin              |    31 |    47 ||    78
Dodge: Dodged            |    99 |    88 ||   187
Block: Tower shield      |       |    23 ||    23
       Rpst.: Falchion   |    30 |    19 ||    49

Table legend:
 A = Non-vault XP
 B = Vault XP
 C = Vault XP percentage of total XP
 D = Non-vault monster count
 E = Vault monster count
 F = Vault count percentage of total count
                 A         B        C        D         E       F
            +---------+---------+-------+---------+---------+-------
      Total |     349 |      50 |  12.5 |      84 |       7 |   7.7
            +---------+---------+-------+---------+---------+-------
        D:1 |      72 |       0 |   0.0 |      39 |       0 |   0.0
        D:2 |      43 |      12 |  21.8 |      14 |       4 |  22.2
        D:3 |     187 |      38 |  16.9 |      27 |       3 |  10.0
        D:4 |      47 |       0 |   0.0 |       4 |       0 |   0.0
            +---------+---------+-------+---------+---------+-------
